 Dungeon Crawl Stone Soup version 0.30-a0-57-g8b159a9891 (webtiles) character file.

Game seed: 4110558621379342317

9031 Decritt the Fighter (level 11, -4/95 HPs)
             Began as a Merfolk Gladiator on Sept 11, 2022.
             Was a Believer of Ru.
             Slain by an 11-headed hydra (5 damage)
             ... on level 10 of the Dungeon.
             The game lasted 00:34:12 (13836 turns).

Decritt the Fighter (Merfolk Gladiator)            Turns: 13836, Time: 00:34:13

Health: -4/95      AC: 14    Str: 15    XL:     11   Next: 40%
Magic:  11/11      EV: 26    Int:  7    God:    Ru [**....]
Gold:   668        SH:  0    Dex: 26    Spells: 10/10 levels left

rFire   . . .      SeeInvis .    a - +1 long sword (venom)
rCold   . . .      Faith    .    (no shield)
rNeg    + . .      Spirit   .    e - +3 leather armour {rN+}
rPois   .          Reflect  .    c - +2 helmet
rElec   .          Harm     .    (no cloak)
rCorr   .          Rampage  .    y - +2 pair of gloves {Stlth+}
Will    .....                    q - +0 pair of boots
Stlth   +++.......               (no amulet)
HPRegen 0.25/turn                h - +6 ring of dexterity
MPRegen 0.12/turn                u - +4 ring of evasion

@: about to teleport
A: screaming 2, no ice magic, no translocations magic, no transmutations magic,
(nimble swimmer 2), mertail
a: Renounce Religion


You were on level 10 of the Dungeon.
You worshipped Ru.
Ru was pleased with you.
You visited 2 branches of the dungeon, and saw 12 of its levels.

You collected 668 gold pieces.

Inventory:

Hand Weapons
 a - a +1 long sword of venom (weapon)
 f - a +2 dagger of venom
 p - a +2 scimitar
Missiles
 d - a throwing net
 j - 4 silver javelins
 l - 22 poisoned darts
 v - 7 boomerangs (quivered)
Armour
 c - a +2 helmet (worn)
 e - a +3 leather armour of positive energy (worn)
 q - a +0 pair of boots (worn)
 s - a +1 leather armour of fire resistance
 y - a +2 pair of gloves of stealth (worn)
Jewellery
 h - a +6 ring of dexterity (left hand)
 u - a +4 ring of evasion (right hand)
 F - a ring of poison resistance
 I - the ring of Qifour {Fly Str+3}
   (You found it on level 6 of the Dungeon)

   [ring of flight]

   Str:       It affects your strength (+3).
   Fly:       It grants you flight.
Wands
 b - a wand of mindburst (9)
 t - a wand of paralysis (7)
 A - a wand of flame (7)
 B - a wand of digging (5)
Scrolls
 i - a scroll of magic mapping
 m - 3 scrolls of teleportation
 n - 2 scrolls of enchant armour
 r - a scroll of identify
Potions
 g - 2 potions of heal wounds
 k - 8 potions of curing
 o - a potion of flight {unknown}
 w - 2 potions of mutation
 x - a potion of attraction
 E - a potion of magic {unknown}
 G - a potion of ambrosia {unknown}


   Skills:
 * Level 12.2 Fighting
 + Level 10.5 Long Blades
 + Level 3.6 Throwing
 + Level 5.0 Armour
 + Level 11.0 Dodging


You had 10 spell levels left.
You didn't know any spells.
Your spell library contained the following spells:

 Spells                   Type           Power      Damage    Failure   Level
 Foxfire                  Conj/Fire      0%         2x1d4     50%         1
 Magic Dart               Conj           0%         1d3       50%         1
 Shock                    Conj/Air       0%         1d3       50%         1
 Call Imp                 Summ           0%         N/A       63%         2
 Scorch                   Fire           0%         2d5       63%         2
 Static Discharge         Conj/Air       0%         3-3/arc   63%         2
 Sublimation of Blood     Necr           0%         N/A       63%         2
 Conjure Flame            Conj/Fire      0%         6-21      86%         3
 Inner Flame              Hex/Fire       0%         N/A       86%         3
 Mephitic Cloud           Conj/Pois/Air  0%         N/A       86%         3
 Summon Guardian Golem    Hex/Summ       0%         N/A       86%         3
 Swiftness                Air            0%         N/A       86%         3
 Tukima's Dance           Hex            0%         N/A       86%         3
 Airstrike                Air            0%         2d(0-16)  99%         4
 Flame Wave               Conj/Fire      0%         2d4       99%         4
 Lightning Bolt           Conj/Air       0%         1d11      100%        5
 Summon Cactus Giant      Summ           0%         N/A       100%        6
 Orb of Destruction       Conj           0%         9d5       100%        7
 Spellforged Servitor     Conj/Summ      0%         N/A       100%        7
 Maxwell's Capacitive Co  Air            0%         ∞         100%        8
 Portal Projectile        Hex/Tloc       Unusable   N/A       N/A         3
 Petrify                  Tmut/Erth      Unusable   N/A       N/A         4
 Blade Hands              Tmut           Unusable   N/A       N/A         5
 Irradiate                Conj/Tmut      Unusable   3d11      N/A         5

Dungeon Overview and Level Annotations

Branches:
Dungeon (11/15)            Temple (1/1) D:5
   Lair: D:8-11         Orc: D:9-12

Altars:
Ashenzari
Cheibriados
Dithmenos
Elyvilon
Fedhas
Gozag
Hepliaklqana
Kikubaaqudgha
Makhleb
Nemelex Xobeh
Okawaru
Qazlal
Ru
Sif Muna
Trog
Uskayaw
Vehumet
Wu Jian
Xom
Yredelemnul
Zin
The Shining One

Shops:
D:1 (   D:10 (

Annotations:
D:3 3 runed translucent doors, jur's ghost, amateur DEEE
D:7 1 runed translucent door, Destapler's ghost, novice TrFi


Innate Abilities, Weirdness & Mutations

You frequently scream uncontrollably at your foes.
You cannot study or cast Ice magic.
You cannot study or cast Translocations magic.
You cannot study or cast Transmutations magic.
((You are very nimble when in or above water. (Stealth+, EV+, Speed+++)))
Your lower body shifts to a powerful aquatic tail in water.


Message History

You feel much better.
The shadow strikes at you from the darkness!
* * * LOW HITPOINT WARNING * * *
Reactivating autopickup.
The 11-headed hydra bites you!
* * * LOW HITPOINT WARNING * * *
The 11-headed hydra bites you.
* * * LOW HITPOINT WARNING * * *
The 11-headed hydra completely misses you.
The 11-headed hydra misses you.
The 11-headed hydra completely misses you.
The 11-headed hydra misses you. x2
The 11-headed hydra completely misses you.
The 11-headed hydra bites you but does no damage.
The 11-headed hydra bites you.
* * * LOW HITPOINT WARNING * * *
The 11-headed hydra bites you but does no damage.
You feel much better.
The shadow slips into darkness.
The shadow flickers and vanishes!
Deactivating autopickup; reactivate with Ctrl-A.
The 11-headed hydra bites you!
* * * LOW HITPOINT WARNING * * *
The 11-headed hydra misses you.
The 11-headed hydra completely misses you.
The 11-headed hydra barely misses you.
The 11-headed hydra bites you but does no damage.
The 11-headed hydra completely misses you.
The 11-headed hydra closely misses you. The 11-headed hydra barely misses you.
The 11-headed hydra completely misses you.
The 11-headed hydra bites you but does no damage.
The 11-headed hydra completely misses you.
Unknown command.
As you read the scroll of teleportation, it crumbles to dust.
You feel strangely unstable.
The shadow strikes at you from the darkness!
* * * LOW HITPOINT WARNING * * *
Reactivating autopickup.
The 11-headed hydra misses you. The 11-headed hydra bites you.
You die...

#......# ##......#
#.......# #.#.>...# ###
###.########### ..##
#.............## #..#
#)#............##
##.####...............#
......)).......D@.....#
######.#.......W......#
#)#..............#
###.#..............#
#..)##............##
#..)###..........##
####...# ############
.))....# ≈≈##...#


You could see a 11-headed hydra and a shadow.

Vanquished Creatures
  2 two-headed ogres
  Amaemon (D:10)
  Joseph (D:10)
  A gargoyle (D:10)
  An orange demon (D:10)
  Psyche (D:8)
  2 trolls
  A wyvern (D:8)
  9 yaks (D:10)
  Edmund (D:4)
  2 water moccasins
  3 orc warriors
  2 sky beasts
  2 black bears
  An ogre (D:3)
  10 centaurs
  2 phantoms
  4 kobold brigands
  2 bullfrogs (D:8)
  Blork the orc (D:4)
  A gnoll sergeant (D:6)
  5 scorpions
  11 wights
  2 jellies
  3 orc priests (D:6)
  4 hounds
  2 iguanas (D:5)
  Jessica (D:2)
  Natasha (thrice) (D:4)
  11 orc wizards
  4 gnolls
  8 adders
  2 shadow imps (D:5)
  2 white imps (D:5)
  2 ufetubi (D:6)
  7 dart slugs
  A worm (D:5)
  43 orcs
  8 endoplasms
  6 giant cockroaches
  7 hobgoblins
  7 jackals
  5 quokkas
  9 ball pythons
  5 bats
  4 frilled lizards
  8 goblins
  21 kobolds
  6 rats
247 creatures vanquished.

Vanquished Creatures (others)
  2 orc wizards
  An orc (D:8)
3 creatures vanquished.

Grand Total: 250 creatures vanquished

Notes
Turn   | Place    | Note
-------+----------+-------------------------------------------
     0 | D:1      | Decritt the Merfolk Gladiator began the quest for the Orb.
     0 | D:1      | Reached XP level 1. HP: 16/16 MP: 1/1
   380 | D:1      | Found a faded altar of an unknown god.
   391 | D:1      | Reached XP level 2. HP: 18/23 MP: 2/2
   798 | D:1      | Reached XP level 3. HP: 24/28 MP: 3/3
   987 | D:1      | Found Veof's Weapon Shoppe.
  1561 | D:2      | Found a sacrificial altar of Ru.
  1573 | D:2      | Became a worshipper of Ru the Awakened
  1620 | D:2      | Reached skill level 3 in Fighting
  1622 | D:2      | Reached XP level 4. HP: 35/35 MP: 4/4
  1768 | D:2      | Noticed Jessica
  1780 | D:2      | HP: 1/35 [poisoned by Jessica]
  1783 | D:2      | Killed Jessica
  1784 | D:2      | Reached skill level 5 in Dodging
  2627 | D:3      | Reached XP level 5. HP: 20/42 MP: 5/5
  2801 | D:3      | Found a runed translucent gate.
  2802 | D:3      | Found a runed translucent gate.
  2825 | D:3      | Found a runed translucent gate.
  2842 | D:3      | Noticed jur's ghost (amateur DEEE)
  2996 | D:3      | Noticed an ogre
  3008 | D:3      | Reached skill level 4 in Fighting
  3008 | D:3      | Reached skill level 5 in Long Blades
  3016 | D:3      | Killed an ogre
  3017 | D:3      | Reached XP level 6. HP: 24/49 MP: 6/6
  3652 | D:4      | Noticed Natasha
  3655 | D:4      | Noticed Edmund
  3664 | D:4      | Killed Natasha
  3665 | D:4      | Reached skill level 5 in Fighting
  3668 | D:4      | Gained mutation: You cannot study or cast Ice magic. [Ru
                  | sacrifice]
  3668 | D:4      | Gained mutation: You cannot study or cast Transmutations
                  | magic. [Ru sacrifice]
  3668 | D:4      | Gained mutation: You cannot study or cast Translocations
                  | magic. [Ru sacrifice]
  3668 | D:4      | Reached * piety under Ru
  3863 | D:4      | Killed Edmund
  3864 | D:4      | Reached XP level 7. HP: 56/56 MP: 7/7
  4230 | D:4      | Found an ornate altar of the Wu Jian Council.
  4244 | D:4      | Found a stormy altar of Qazlal.
  4252 | D:4      | Found a hide-covered altar of Uskayaw.
  4257 | D:4      | Found a glowing golden altar of the Shining One.
  4345 | D:4      | Noticed Blork the orc
  4361 | D:4      | Killed Blork the orc
  4362 | D:4      | Reached skill level 6 in Fighting
  4512 | D:4      | Noticed Natasha
  4526 | D:4      | Killed Natasha
  5078 | D:5      | Entered Level 5 of the Dungeon
  5106 | D:5      | Reached XP level 8. HP: 51/65 MP: 8/8
  5256 | D:4      | Noticed Natasha
  5266 | D:4      | Killed Natasha
  5472 | D:5      | Reached skill level 1 in Armour
  5883 | D:5      | Reached skill level 7 in Fighting
  6029 | D:5      | Found a sparkling altar of Nemelex Xobeh.
  6139 | D:5      | Found a staircase to the Ecumenical Temple.
  6166 | Temple   | Entered the Ecumenical Temple
  7531 | D:6      | Noticed a two-headed ogre
  7545 | D:6      | Killed a two-headed ogre
  7546 | D:6      | Reached skill level 8 in Fighting
  7546 | D:6      | Reached XP level 9. HP: 50/75 MP: 9/9
  8341 | D:6      | Gained mutation: You occasionally shout uncontrollably at
                  | your foes. [Ru sacrifice]
  8462 | D:6      | Reached skill level 9 in Fighting
  8677 | D:6      | Noticed a troll
  8691 | D:6      | Killed a troll
  8855 | D:6      | Identified the ring of Qifour {Fly Str+3}
  9165 | D:7      | Found a runed translucent door.
  9165 | D:7      | Noticed Destapler's ghost (novice TrFi)
  9377 | D:7      | Reached XP level 10. HP: 85/85 MP: 10/10
  9654 | D:7      | Reached skill level 10 in Fighting
 10377 | D:8      | Noticed Psyche
 10387 | D:8      | Killed Psyche
 10747 | D:9      | Gained mutation: You frequently scream uncontrollably at
                  | your foes. [Ru sacrifice]
 10747 | D:9      | Reached ** piety under Ru
 11916 | D:9      | Reached skill level 10 in Dodging
 12019 | D:10     | Entered Level 10 of the Dungeon
 12056 | D:10     | Reached skill level 11 in Fighting
 12081 | D:10     | Noticed an orange demon
 12112 | D:10     | Killed an orange demon
 12129 | D:10     | Noticed Amaemon
 12148 | D:10     | Killed Amaemon
 12149 | D:10     | Reached skill level 10 in Long Blades
 12254 | D:10     | Found Qosocual's Weapon Emporium.
 12287 | D:10     | Noticed a gargoyle
 12298 | D:10     | Killed a gargoyle
 12299 | D:10     | Reached XP level 11. HP: 55/93 MP: 11/11
 12851 | D:10     | Noticed a two-headed ogre
 12897 | D:10     | Killed a two-headed ogre
 12898 | D:10     | Reached skill level 12 in Fighting
 12898 | D:10     | Reached skill level 5 in Armour
 13082 | D:10     | Noticed Joseph
 13125 | D:10     | Killed Joseph
 13512 | D:11     | Noticed a seven-headed hydra
 13831 | D:10     | HP: 4/95 [something (8)]
 13836 | D:10     | HP: 1/95 [something (28)]
 13836 | D:10     | Slain by an 11-headed hydra

Illustrated notes

Levels and vault maps discovered:
D:1:      minmay_arrival_shattered_statue, layout_basic, serial_shops,
          nicolae_shop_stone, shapermc_ecumenical_altar_mp_highgroup
D:2:      layout_basic, basic_altar, kennysheep_jessica_study
D:3:      layout_basic, gammafunk_ghost_necromancy
D:4:      kennysheep_spiral_hall, layout_rooms,
          grunt_temple_overflow_cloverleaf, hangedman_minor_gate_pass,
          uniq_edmund, uniq_blork_the_orc, uniq_natasha
D:5:      nicolae_cairo_tiling_large_dashed, layout_basic,
          amcnicky_altar_gilded, minmay_temple_entry_glassed_door
D:6:      layout_rooms, grunt_ministairs_10
D:7:      layout_loops_cross, gammafunk_ghost_grave, small_statue_intersection
D:8:      layout_rooms, uniq_psyche
D:9:      layout_irregular_city, kennysheep_cluttered_room, minivault_4
D:10:     layout_rooms, serial_shops, nicolae_shop_bloodbath_and_beyond,
          centaur_isle, uniq_joseph, uniq_amaemon
D:11:     layout_loops_corners, grunt_lair_entry_orc_guard_hut,
          grunt_dithmenos_shadows, uniq_lodul
Temple:   nicolae_temple_bog_church

Skill      XL: |  1  2  3  4  5  6  7  8  9 10 11 |
---------------+----------------------------------+-----
Long Blades    | 4 5 6 8 10 | 10.5
Fighting       | 3 4 5 6 8 9 11 12 | 12.2
Dodging        | 5 6 8 9 10 11 | 11.0
Armour         | 2 3 4 5 |  5.0
Throwing       | 3 |  3.6

Action                   |  1- 3 |  4- 6 |  7- 9 | 10-12 || total
-------------------------+-------+-------+-------+-------++-------
Melee: Long sword        |    85 |    14 |   188 |   143 ||   430
       Punch             |     2 |     2 |     4 |     7 ||    15
       Dagger            |       |    83 |   139 |       ||   222
       Scimitar          |       |       |       |    96 ||    96
       Tailslap          |       |       |       |     5 ||     5
Throw: Boomerang         |       |     8 |    63 |    49 ||   120
       Throwing net      |       |     1 |     3 |     3 ||     7
       Javelin           |       |       |       |     9 ||     9
       Dart              |       |       |       |    38 ||    38
Invok: Sacrifice Arcana  |       |     1 |       |       ||     1
       Sacrifice Purity  |       |       |     1 |     1 ||     2
Evoke: Wand              |       |       |       |     4 ||     4
  Use: Potion            |       |     3 |       |     6 ||     9
       Scroll            |       |     3 |    12 |     9 ||    24
 Stab: Sleeping          |     4 |       |     2 |     2 ||     8
       Held in net/web   |       |     2 |     2 |     1 ||     5
       Distracted        |       |       |     1 |       ||     1
Armor: Leather armour    |    22 |    14 |    41 |    67 ||   144
Dodge: Dodged            |    77 |    70 |   280 |   418 ||   845

Table legend: (Time is in decaauts)
 A = Elapsed time spent in this place.
 B = Non-inter-level travel time spent in this place.
 C = Inter-level travel time spent in this place.
 D = Time resting spent in this place.
 E = Time spent auto-exploring this place.
 F = Levels seen in this place.
 G = Mean time per level.
                   A        B        C        D        E       F      G
               +--------+--------+--------+--------+--------+-----+--------+
         Total |  13756 |  13515 |    241 |   4494 |   6799 |  12 | 1146.3 |
       Dungeon |  13656 |  13423 |    233 |   4494 |   6720 |  11 | 1241.5 |
        Temple |    100 |     92 |      8 |      0 |     78 |   1 |  100.0 |
               +--------+--------+--------+--------+--------+-----+--------+

Top non-repeatable levels by time:
     D:5: 2199 daAuts
     D:4: 1709 daAuts
    D:10: 1703 daAuts
     D:6: 1475 daAuts
     D:3: 1363 daAuts
     D:9: 1304 daAuts
     D:1: 1174 daAuts
     D:2: 1109 daAuts
     D:7: 1004 daAuts
     D:8: 549 daAuts
  Temple: 100 daAuts
    D:11: 63 daAuts
